AoeStats
← AndoTheCommando

Arabia

509535898Analyzed
1v1 RM · 5d ago on Sep 27, 2026· 27m 22s· 2 players
Game mode
Random Map
Map size
Tiny (2 player)
Population
200
Speed
Normal
Resources
Standard
Victory
Conquest
Starting age
Dark Age
Ending age
Imperial Age
RankedLock teamsTeams togetherTeam positionsShared explorationLock speedFull tech treeHidden civsTurbo modeCheats
Victory
Defeat
🇦🇺 Magyars · Australia
1292
+17
🇦🇺 Danes · Australia
1324
-17
AndoTheCommando
6:58 Loom
11:26 Feudal Age
15:02 Double-Bit Axe
18:47 Fletching
25:19 Castle Age
24:18 Scale Mail Armor
24:01 Horse Collar
spruce_moose
7:28 Loom
10:04 Feudal Age
10:07 Man-at-Arms
13:56 Horse Collar
15:30 Fletching
16:54 Padded Archer Armor
18:37 Wheelbarrow
23:56 Castle Age
23:27 Bloodlines
23:18 Double-Bit Axe
24:09 Scale Barding Armor
23:58 Crossbowman
25:46 Thumb Ring
Connection lost

Rejoining the realm…

Still unreachable

The connection could not be restored.

Session expired

The server has moved on; the page needs a fresh start.